 Dungeon Crawl Stone Soup version 0.29.1-12-g30fa7ad0bf (webtiles) character file.

Game seed: 17614852209799072061

869 MoronicCinamun2 the Magician (level 8, 0/58 HPs)
             Began as a Djinni Venom Mage on Jan 7, 2023.
             Slain by an orc warrior
             ... wielding a +0 long sword
              (20 damage)
             ... on level 4 of the Dungeon.
             The game lasted 00:25:50 (5593 turns).

MoronicCinamun2 the Magician (Djinni Venom Mage)    Turns: 5593, Time: 00:25:50

Health: 0/58       AC:  2    Str: 11    XL:     8   Next: 24%
Gold:   188        EV: 13    Int: 19    God:
                   SH:  0    Dex: 20

rFire   + + .      SeeInvis +   a - +5 whip of Vant {drain, rPois Str+4}
rCold   x . .      Faith    .   (no shield)
rNeg    . . .      Spirit   .   c - +0 robe
rPois   ∞          Reflect  .   (no helmet)
rElec   .          Harm     .   (no cloak)
rCorr   .          Rampage  .   (no gloves)
Will    .....                   (boots unavailable)
Stlth   +++.......              (no amulet)
HPRegen 0.19/turn               k - ring of see invisible
MPRegen 0.00/turn               d - +6 ring of dexterity

@: flying
A: sickness immunity, fire resistance 2, cold vulnerability 1, float, innate
caster, HP casting, extra vitality 1
a: no special abilities


You were on level 4 of the Dungeon.
You visited 1 branch of the dungeon, and saw 4 of its levels.

You collected 188 gold pieces.

Inventory:

Hand Weapons
 a - the +5 whip of Vant (weapon) {drain, rPois Str+4}
   (You took it off a kobold on level 3 of the Dungeon)

   A truly terrible weapon, it drains the life of any living foe it strikes.
   Str:       It affects your strength (+4).
   rPois:     It protects you from poison.
 b - a +1 vorpal spear
 g - a +0 dagger of venom
 m - a +2 dagger of draining
 o - a +0 dagger
 q - a +1 whip of freezing
Armour
 c - a +0 robe (worn)
Jewellery
 d - a +6 ring of dexterity (right hand)
 e - an amulet of faith
 k - a ring of see invisible (left hand)
Potions
 f - a potion of heal wounds {unknown}
 h - a potion of curing
 i - 2 potions of resistance
 j - a potion of might
 l - 2 potions of flight {unknown}
 n - a potion of brilliance {unknown}
 p - 2 potions of haste {unknown}


   Skills:
 * Level 3.7 Fighting
 + Level 1.0 Maces & Flails
 - Level 2.1 Dodging
 + Level 3.2 Stealth
 + Level 5.9 Spellcasting


You had 2 spell levels left.
You knew the following spells:

 Your Spells              Type           Power      Damage    Failure   Level
a - Sting                 Tmut/Pois      100%       1d8       1%          1
b - Poisonous Vapours     Pois/Air       56%        N/A       1%          2
c - Shock                 Conj/Air       100%       1d9       1%          1
d - Olgreb's Toxic Radia  Pois           28%        N/A       10%         4
e - Mephitic Cloud        Conj/Pois/Air  28%        N/A       3%          3
f - Static Discharge      Conj/Air       28%        3-7/arc   1%          2
g - Inner Flame           Hex/Fire       28%        N/A       3%          3
Your spell library was empty.

Dungeon Overview and Level Annotations

Branches:
Dungeon (4/15)
 Temple: D:4-7

Altars:

Annotations:
D:3 exclusion: downstairs


Innate Abilities, Weirdness & Mutations

You are immune to sickness and miasma.
You are immune to poison.
Your flesh is very heat resistant. (rF++)
You are vulnerable to cold. (rC-)
You float through the air rather than walking.
You learn spells naturally, not from books.
Your magical power is your life essence.
You have superior vitality. (+4 MHP)


Message History

You kill the orc priest!
Your Maces & Flails skill increases to level 1!
HP restored.
An orc warrior comes into view. It is wielding a +0 long sword.
Casting: Poisonous Vapours (safe; 1% risk of failure)
Confirm with . or Enter, or press ? or * to list all spells.
Aiming: Poisonous Vapours (safe; 1% risk of failure)
Press: ? - help, Dir - move target, f - orc warrior
Aim: an orc warrior, wielding a +0 long sword and wearing a +0 chain mail (asleep) Poisonous vapours surround the orc warrior!
The orc warrior is poisoned.
The orc warrior shouts!
You hear a shout!
You start resting.
An orc warrior is nearby!
Casting: Poisonous Vapours (safe; 1% risk of failure)
Confirm with . or Enter, or press ? or * to list all spells.
Aiming: Poisonous Vapours (safe; 1% risk of failure)
Press: ? - help, Dir - move target, f/p - orc warrior
Aim: an orc warrior, wielding a +0 long sword and wearing a +0 chain mail (poisoned) Poisonous vapours surround the orc warrior!
The orc warrior looks even sicker.
The orc warrior attacks as you move away!
The orc warrior hits you with a +0 long sword!
An orc comes into view. It is wielding a +0 whip.
The orc warrior attacks as you move away!
The orc warrior hits you with a +0 long sword!
The orc shouts!
Casting: Poisonous Vapours (safe; 1% risk of failure)
Confirm with . or Enter, or press ? or * to list all spells.
Aiming: Poisonous Vapours (safe; 1% risk of failure)
Press: ? - help, Dir - move target, f/p - orc warrior
Aim: an orc warrior, wielding a +0 long sword and wearing a +0 chain mail (lightly wounded, very poisoned) Poisonous vapours surround the orc warrior!
The orc warrior looks as sick as possible!
The orc warrior hits you with a +0 long sword!
The orc warrior attacks as you move away!
The orc warrior barely misses you.
The orc warrior attacks as you move away!
The orc warrior hits you with a +0 long sword!!
You die...

#.... .. ....... #.#.#. #.#..
#.#.# ### ###########)#.##.#.
#######.## ##..................
#........###...##..o......##...
#.#####.......@o....#.##..#
#....####~##~≈~≈~##....#..#
####.# #.##~~≈≈≈##.#..#..# #.#
#÷~~...~.~~.#..#>.# #.#
#.~~.....~~.#..#..# #.#
#.~~..............# . #.#
#.~~.....~~.......####. #.#
#.~~.....~~.#.......... ####.#
#.##≈~≈~≈##.#..........


You could see an orc warrior (extremely poisoned) and an orc.

Vanquished Creatures
  Pikel (D:4)
  2 phantoms (D:4)
  An orc priest (D:4)
  Natasha (thrice) (D:2)
  An orc wizard (D:4)
  4 gnolls (D:3)
  4 adders
  A worm (D:3)
  A dart slug (D:4)
  3 orcs
  5 bats
  5 endoplasms
  3 giant cockroaches
  10 goblins
  7 hobgoblins
  2 jackals (D:4)
  3 quokkas
  8 ball pythons
  4 frilled lizards
  6 kobolds
  13 rats
87 creatures vanquished.

Notes
Turn   | Place    | Note
-------+----------+-------------------------------------------
     0 | D:1      | MoronicCinamun2 the Djinni Venom Mage began the quest for
                  | the Orb.
     0 | D:1      | MoronicCinamun2 set off with the following spells
                  | memorised: Sting, Poisonous Vapours, Mephitic Cloud,
                  | Olgreb's Toxic Radiance.
     0 | D:1      | Reached XP level 1. HP: 15/15 MP: 0/0
   267 | D:1      | Reached XP level 2. HP: 21/22 MP: 0/0
   650 | D:1      | Found a faded altar of an unknown god.
  1018 | D:2      | Reached skill level 3 in Spellcasting
  1018 | D:2      | Reached XP level 3. HP: 23/26 MP: 0/0
  1018 | D:2      | Learned a level 1 spell: Shock
  1072 | D:4      | Noticed Pikel
  1072 | D:4      | Noticed a lemure
  1072 | D:4      | Noticed a lemure
  1072 | D:4      | Noticed a phantom
  1073 | D:4      | Noticed a lemure
  1390 | D:2      | Reached skill level 1 in Fighting
  1431 | D:2      | Noticed Natasha
  1442 | D:2      | Killed Natasha
  1443 | D:2      | Reached XP level 4. HP: 16/32 MP: 0/0
  1571 | D:2      | Noticed Natasha
  1591 | D:2      | Killed Natasha
  1716 | D:2      | Noticed Natasha
  2406 | D:3      | Reached XP level 5. HP: 37/37 MP: 0/0
  2406 | D:3      | Learned a level 2 spell: Static Discharge
  2927 | D:2      | Killed Natasha
  3296 | D:3      | Reached skill level 4 in Spellcasting
  3475 | D:3      | Identified the +5 whip of Vant {drain, rPois Str+4}
  3828 | D:3      | Reached XP level 6. HP: 41/43 MP: 0/0
  5150 | D:4      | Reached XP level 7. HP: 27/49 MP: 0/0
  5150 | D:4      | Learned a level 3 spell: Inner Flame
  5379 | D:4      | Killed Pikel
  5380 | D:4      | Reached skill level 5 in Spellcasting
  5380 | D:4      | Reached XP level 8. HP: 30/57 MP: 0/0
  5568 | D:4      | Reached skill level 1 in Maces & Flails
  5593 | D:4      | Slain by an orc warrior

Illustrated notes

Levels and vault maps discovered:
D:1:      eino_arrival_water_star, layout_loops_ring,
          hellmonk_ecumenical_altar_leap_of_faith, minmay_strange_pillars
D:2:      cheibrodos_greedy_goblins, layout_basic, minmay_rat_gold_closets,
          uniq_natasha
D:3:      layout_loops_corners, grunt_ministairs_7
D:4:      layout_loops_cross, cheibrodos_sewer_entry_sluice,
          hangedman_decor_points, uniq_crazy_yiuf_cottage, uniq_pikel,
          uniq_duvessa

Skill      XL: |  1  2  3  4  5  6  7  8 |
---------------+-------------------------+-----
Spellcasting   | 3 4 5 |  5.9
Fighting       | 1 2 3 |  3.7
Stealth        | 2 3 |  3.2
Maces & Flails | 1 |  1.0
Dodging        | |  2.1

Action                   |  1- 3 |  4- 6 |  7- 9 || total
-------------------------+-------+-------+-------++-------
Melee: Dagger            |    10 |    25 |       ||    35
       Whip              |       |    28 |     5 ||    33
       Punch             |       |     2 |       ||     2
 Cast: Sting             |    28 |    29 |     2 ||    59
       Poisonous Vapours |     5 |    23 |     5 ||    33
       Shock             |     5 |    13 |     3 ||    21
       Static Discharge  |       |     7 |     2 ||     9
       Mephitic Cloud    |       |     3 |       ||     3
       Olgreb's Toxic Ra |       |     1 |       ||     1
       Inner Flame       |       |       |     1 ||     1
  Use: Scroll            |       |    15 |       ||    15
       Potion            |       |     1 |       ||     1
 Stab: Sleeping          |       |     2 |       ||     2
       Confused          |       |     1 |       ||     1
Armor: Robe              |     3 |     5 |     2 ||    10
Dodge: Dodged            |    18 |    41 |     3 ||    62
